 Dungeon Crawl Stone Soup version 0.28-a0-589-g333b8329f1 (webtiles) character file.

Game seed: 3706135398275630928

32 blank1 the Covered (level 3, -2/33 HPs)
             Began as a Minotaur Fighter on Oct 3, 2021.
             Succumbed to Jessica's poison
             ... on level 2 of the Dungeon.
             The game lasted 00:01:05 (984 turns).

blank1 the Covered (Minotaur Fighter)                Turns: 984, Time: 00:01:06

Health: -2/33      AC:  7    Str: 21    XL:     3   Next: 10%
Magic:  2/2        EV:  9    Int:  5    God:
Gold:   64         SH:  4    Dex:  9    Spells: 2/2 levels left

rFire   . . .      SeeInvis .   a - +0 flail
rCold   . . .      Faith    .   c - +0 buckler
rNeg    . . .      Spirit   .   b - +0 scale mail
rPois   .          Reflect  .   (helmet restricted)
rElec   .          Harm     .   (no cloak)
rCorr   .          Rampage  .   (no gloves)
Will    .....                   (no boots)
Stlth   ..........              (no amulet)
HPRegen 0.11/turn               (no ring)
MPRegen 0.08/turn               (no ring)

@: lethally poisoned (-2 -> -16)
A: horns 2, retaliatory headbutt
a: no special abilities


You were on level 2 of the Dungeon.
You visited 1 branch of the dungeon, and saw 2 of its levels.

You collected 64 gold pieces.

Inventory:

Hand Weapons
 a - a +0 flail (weapon)
Armour
 b - a +0 scale mail (worn)
 c - a +0 buckler (worn)
Scrolls
 e - a scroll of acquirement {unknown}
 f - a scroll of summoning {unknown}
 g - a scroll of identify {unknown}
 m - a scroll of vulnerability {unknown}
Potions
 d - a potion of might
 h - 2 potions of heal wounds {unknown}
 i - 2 potions of cancellation {unknown}
 j - a potion of curing {unknown}
 k - 2 potions of lignification {unknown}
 l - a potion of attraction {unknown}
 n - a potion of degeneration {unknown}


   Skills:
 - Level 4.0 Fighting
 + Level 3.4 Maces & Flails
 - Level 4.0 Armour
 - Level 4.0 Shields


You had 2 spell levels left.
You didn't know any spells.
Your spell library was empty.

Dungeon Overview and Level Annotations

Branches:
Dungeon (2/15)

Altars:

Annotations:
D:2 Jessica


Innate Abilities, Weirdness & Mutations

You have a pair of horns on your head.
You reflexively headbutt those who attack you in melee.


Message History

There is an escape hatch in the floor here.
There is a large open door here.
There is a large open door here.
Things that are here:
a +0 short sword; a stone
There is a stone staircase leading down here.
You climb downwards.
Jessica shouts!
Found a purple potion and a flail.
There is a stone staircase leading up here.
Jessica hits you but does no damage.
You are poisoned.
You hit Jessica. Your headbutt misses Jessica.
Jessica is moderately wounded.
You feel very sick.
Jessica hits you with a +2 dagger of venom.
You are more poisoned.
You barely miss Jessica.
Jessica is moderately wounded.
You feel very sick. You block Jessica's attack.
You barely miss Jessica. You headbutt Jessica.
Jessica is moderately wounded.
You feel very sick. Jessica barely misses you. You furiously retaliate!
You headbutt Jessica. You hit Jessica but do no damage.
Jessica is heavily wounded.
You feel very sick. Jessica hits you but does no damage.
You are lethally poisoned!
You are too injured to fight recklessly!
You are too injured to fight recklessly!
You are too injured to fight recklessly!
You feel very sick. Jessica casts a spell at you.
Pain shoots through your body!
* * * LOW HITPOINT WARNING * * *
The quokka barely misses you.
There is a stone staircase leading up here.
You die...

##..# ...#
...# #..#
#..# #..#
#@.#######
#.r...!..#
#.@r......
#........#
#.........
#........#
#........#
#........#
#........#
#...).....


You could see Jessica, a quokka and a rat.

Vanquished Creatures
  A gnoll (D:1)
  A dart slug (D:1)
  A bat (D:1)
  5 endoplasms (D:1)
  A giant cockroach (D:1)
  A goblin (D:1)
  A quokka (D:1)
  A ball python (D:1)
  2 frilled lizards (D:1)
  4 kobolds (D:1)
  2 rats (D:1)
20 creatures vanquished.

Notes
Turn   | Place    | Note
-------+----------+-------------------------------------------
     0 | D:1      | blank1 the Minotaur Fighter began the quest for the Orb.
     0 | D:1      | Reached XP level 1. HP: 19/19 MP: 0/0
   222 | D:1      | Reached XP level 2. HP: 26/27 MP: 1/1
   692 | D:1      | Reached XP level 3. HP: 33/33 MP: 2/2
   977 | D:2      | Noticed Jessica
   983 | D:2      | HP: 1/33 [Jessica/nerve-wracking pain (11)]
   984 | D:2      | Succumbed to Jessica's poison

Illustrated notes

Levels and vault maps discovered:
D:1:      ebering_hopf_link, layout_basic
D:2:      wad_crossroads, layout_basic, minmay_misc_feat_encased, minmay_cupped,
          uniq_jessica, uniq_sigmund

Skill      XL: |  1  2 |
---------------+-------+-----
Armour         | 4 |  4.0
Fighting       | 4 |  4.0
Shields        | 4 |  4.0
Maces & Flails | 3 |  3.4

Action                   || total
-------------------------++-------
Melee: Flail             ||    52
       Headbutt          ||     6
Armor: Scale mail        ||    21
Dodge: Dodged            ||    20
Block: Buckler           ||     7

Table legend: (Time is in decaauts)
 A = Elapsed time spent in this place.
 B = Non-inter-level travel time spent in this place.
 C = Inter-level travel time spent in this place.
 D = Time resting spent in this place.
 E = Time spent auto-exploring this place.
 F = Levels seen in this place.
 G = Mean time per level.
                   A        B        C        D        E       F      G
               +--------+--------+--------+--------+--------+-----+--------+
         Total |    997 |    950 |     47 |      0 |    813 |   2 |  498.5 |
       Dungeon |    997 |    950 |     47 |      0 |    813 |   2 |  498.5 |
               +--------+--------+--------+--------+--------+-----+--------+

Top non-repeatable levels by time:
     D:1: 989 daAuts
     D:2: 7 daAuts
